 Dungeon Crawl Stone Soup version 0.28.0-45-g0d030f2227 (webtiles) character file.

Game seed: 1790420893891480047

1978 pkoi the Destroyer (level 8, -8/57 HPs)
             Began as a Demigod Conjurer on Apr 8, 2022.
             Mangled by a shadow (21 damage)
             ... on level 6 of the Dungeon.
             The game lasted 00:08:55 (8109 turns).

pkoi the Destroyer (Demigod Conjurer)               Turns: 8109, Time: 00:08:55

Health: -8/57      AC:  6    Str:  8    XL:     8   Next: 69%
Magic:  2/15       EV: 12    Int: 28    God:
Gold:   331        SH:  0    Dex: 12    Spells: 2/13 levels left

rFire   . . .      SeeInvis .   z - +2 whip (freeze)
rCold   . . .      Faith    .   (no shield)
rNeg    . . .      Spirit   .   a - +0 robe
rPois   .          Reflect  .   i - +2 hat
rElec   .          Harm     .   (no cloak)
rCorr   .          Rampage  .   (no gloves)
Will    .....                   o - +1 pair of boots
Stlth   ++........              (no amulet)
HPRegen 0.19/turn               (no ring)
MPRegen 0.14/turn               (no ring)

@: no status effects
A: high MP 1, forlorn, divine attributes
a: no special abilities


You were on level 6 of the Dungeon.
You visited 1 branch of the dungeon, and saw 6 of its levels.

You collected 331 gold pieces.

Inventory:

Hand Weapons
 d - a +0 dagger
 f - a +2 vorpal hunting sling
 n - a +1 vorpal spear
 r - a +0 vampiric whip
 z - a +2 whip of freezing (weapon)
Missiles
 g - 203 stones
 h - 99 sling bullets
Armour
 a - a +0 robe (worn)
 i - a +2 hat (worn)
 o - a +1 pair of boots (worn)
 x - a +0 pair of gloves
Wands
 t - a wand of acid (14)
Scrolls
 e - 2 scrolls of vulnerability {unknown}
 j - a scroll of torment {unknown}
 u - 4 scrolls of identify
 v - a scroll of fear {unknown}
 w - a scroll of magic mapping {unknown}
 y - a scroll of teleportation
Potions
 b - a potion of berserk rage
 c - 2 potions of magic {unknown}
 k - 2 potions of degeneration {unknown}
 l - 6 potions of curing
 m - a potion of cancellation
 p - a potion of brilliance {unknown}
 q - a potion of haste
 s - a potion of attraction {unknown}


   Skills:
 - Level 1.7 Dodging
 - Level 1.7 Stealth
 - Level 3.0 Spellcasting
 + Level 8.4 Conjurations
 + Level 4.3 Hexes
 + Level 5.3 Translocations


You had 2 spell levels left.
You knew the following spells:

 Your Spells              Type           Power      Damage    Failure   Level
a - Magic Dart            Conj           100%       1d8       1%          1
b - Searing Ray           Conj           100%       2d8       1%          2
c - Iskenderun's Mystic   Conj/Tloc      42%        2d10      4%          4
d - Fulminant Prism       Conj/Hex       20%        3d13      6%          4

Your spell library contained the following spells:

 Spells                   Type           Power      Damage    Failure   Level
 Summon Small Mammal      Summ           16%        N/A       9%          1
 Dazzling Flash           Conj/Hex       80%        N/A       1%          3
 Summon Guardian Golem    Hex/Summ       16%        N/A       10%         3
 Call Canine Familiar     Summ           4%         N/A       24%         3
 Ozocubu's Armour         Ice            4%         N/A       24%         3
 Metabolic Englaciation   Hex/Ice        8%         N/A       67%         5
 Simulacrum               Ice/Necr       2%         N/A       100%        6


Dungeon Overview and Level Annotations

Branches:
Dungeon (6/15)             Temple (0/1) D:5


Innate Abilities, Weirdness & Mutations

You have an increased reservoir of magic. (+10% MP)
You shall have no god before yourself.
Your divine heritage dramatically boosts your attributes as you level up.


Message History

The shadow is lightly damaged.
The shadow hits you.
The searing ray hits the shadow.
The shadow is lightly damaged.
You finish channelling your searing ray.
The shadow misses you.
The shadow slips into darkness.
The shadow flickers and vanishes!
Deactivating autopickup; reactivate with Ctrl-A.
Casting: Searing Ray (safe; 1% risk of failure)
Confirm with . or Enter, or press ? or * to list all spells.
Aiming: Searing Ray (safe; 1% risk of failure)
Press: ? - help, Shift-Dir - straight line, f - you The searing ray hits something but does no damage. (Press . to maintain the ray.)
The shadow strikes at you from the darkness!
* * * LOW HITPOINT WARNING * * *
Reactivating autopickup.
The searing ray hits the shadow.
The shadow is heavily damaged.
The shadow hits you.
* * * LOW HITPOINT WARNING * * *
The searing ray misses the shadow.
The shadow hits you.
Unknown command.
The searing ray hits the shadow!
The shadow is severely damaged.
You finish channelling your searing ray.
The shadow hits you.
* * * LOW HITPOINT WARNING * * *
Unknown command.
Casting: Searing Ray (safe; 1% risk of failure)
Confirm with . or Enter, or press ? or * to list all spells.
Okay, then.
Found a fizzy silvery potion.
The shadow slips into darkness.
The shadow flickers and vanishes!
Deactivating autopickup; reactivate with Ctrl-A.
A jelly comes into view.
The shadow strikes at you from the darkness!
You die...

.............########.#.#.##...#.
#######......##J #.#.#.######.
......##. #.#.#.# #. ......##.##
#...#.# #. .... #... #####.# ###
#..# #.###### ######..#
######......# ........#
#.....#####.# .......@# #.....#
........# #.....# ######..#
#.....# #..###.....# #..........#
##.###.....# #!# #.....# #.#
#.....# ..# #####.#


You could see a jelly (asleep).

Vanquished Creatures
  Pikel (D:6)
  2 water moccasins (D:5)
  A necrophage (D:6)
  2 ogres
  A centaur (D:3)
  4 lemures (D:6)
  A phantom (D:5)
  2 scorpions (D:5)
  A water moccasin skeleton (D:5)
  A bullfrog zombie (D:5)
  3 hounds
  2 orc priests
  A bullfrog skeleton (D:3)
  A jelly (D:3)
  A centaur skeleton (D:5)
  4 iguanas
  6 orc wizards
  A hound skeleton (D:5)
  2 howler monkey zombies (D:5)
  A howler monkey skeleton (D:3)
  11 adders
  An adder skeleton (D:4)
  2 worms (D:2)
  3 dart slugs
  14 orcs
  7 endoplasms
  4 giant cockroaches
  6 goblins
  7 hobgoblins
  2 jackals (D:4)
  A quokka (D:4)
  3 ball pythons
  6 bats
  8 frilled lizards
  5 kobolds
  4 rats
122 creatures vanquished.

Notes
Turn   | Place    | Note
-------+----------+-------------------------------------------
     0 | D:1      | pkoi the Demigod Conjurer began the quest for the Orb.
     0 | D:1      | Reached XP level 1. HP: 14/14 MP: 5/5
   544 | D:1      | Reached skill level 4 in Conjurations
   753 | D:1      | Reached XP level 2. HP: 20/20 MP: 4/7
  1480 | D:2      | Reached XP level 3. HP: 26/26 MP: 4/8
  1857 | D:2      | Reached skill level 5 in Conjurations
  2075 | D:2      | Reached XP level 4. HP: 33/33 MP: 7/9
  2122 | D:2      | Learned a level 2 spell: Searing Ray
  2925 | D:3      | Reached XP level 5. HP: 38/38 MP: 7/11
  3314 | D:3      | Noticed a centaur
  3320 | D:3      | Killed a centaur
  3321 | D:3      | Reached skill level 6 in Conjurations
  3690 | D:3      | Learned a level 4 spell: Iskenderun's Mystic Blast
  4036 | D:3      | Reached XP level 6. HP: 24/45 MP: 11/13
  4590 | D:4      | Reached skill level 1 in Translocations
  5660 | D:5      | Entered Level 5 of the Dungeon
  6099 | D:5      | Reached XP level 7. HP: 50/50 MP: 10/14
  6130 | D:5      | Learned a level 4 spell: Fulminant Prism
  6162 | D:5      | Found a staircase to the Ecumenical Temple.
  6198 | D:5      | Reached skill level 7 in Conjurations
  6320 | D:5      | Reached skill level 1 in Hexes
  7167 | D:5      | Reached XP level 8. HP: 53/57 MP: 3/15
  7770 | D:6      | Noticed Pikel
  7784 | D:6      | Killed Pikel
  7785 | D:6      | Reached skill level 8 in Conjurations
  7785 | D:6      | Reached skill level 5 in Translocations
  8109 | D:6      | Mangled by a shadow

Illustrated notes

Levels and vault maps discovered:
D:1:      minmay_arrival_radiant_lines, layout_loops_cross
D:2:      layout_basic
D:3:      layout_basic, mainiacjoe_overflow_small_starburst, eino_tiny_chamber
D:4:      layout_loops_ring, chequers_serial_rivers_small_b
D:5:      layout_basic, minmay_temple_entry_drinking_statues,
          minmay_joined_circles
D:6:      layout_basic, uniq_pikel

Skill      XL: |  1  2  3  4  5  6  7  8 |
---------------+-------------------------+-----
Conjurations   | 4 5 6 7 8 |  8.4
Spellcasting   | 2 3 |  3.0
Translocations | 2 4 5 |  5.3
Hexes          | 2 4 |  4.3
Dodging        | |  1.7
Stealth        | |  1.7

Action                   |  1- 3 |  4- 6 |  7- 9 || total
-------------------------+-------+-------+-------++-------
Melee: Unarmed           |     4 |       |       ||     4
       Spear             |       |    21 |       ||    21
       Whip              |       |       |     4 ||     4
 Fire: Hunting sling     |       |       |    43 ||    43
 Cast: Magic Dart        |    70 |   135 |    82 ||   287
       Searing Ray       |       |     3 |    11 ||    14
       Iskenderun's Myst |       |       |     1 ||     1
  Use: Scroll            |       |     7 |       ||     7
Armor: Robe              |       |    15 |    17 ||    32
Dodge: Dodged            |     1 |    28 |    50 ||    79
